[Event "Team 45 45 League T60"]
[Site "Internet Chess Club"]
[Date "2014.03.19"]
[Round "3"]
[White "byebyebadman"]
[Black "Portola"]
[Result "1/2-1/2"]
[WhiteElo "1835"]
[BlackElo "1800"]
[Opening "French: Rubinstein variation"]
[ECO "C10"]
[Time "17:01:45"]
[TimeControl "2700+45"]

1. e4 e6 2. d4 d5 3. Nc3 dxe4 4. Nxe4 Be7 5. Nf3 Nd7 6. Bd3 Ngf6 7. Qe2 O-O 8.
Bg5 c5 9. dxc5 Nxc5 10. Nxc5 Qa5+ 11. c3 Qxc5 12. O-O-O a5 13. h4 a4 14. a3 Qc7
15. Bxf6 Bxf6 16. Ng5 Qf4+ 17. Kb1 h6 18. g3 Qe5 19. Bh7+ Kh8 20. Rd8 Qc5 21.
Ne4 Qe7 22. Rxf8+ Qxf8 23. Nxf6 gxf6 24. Bc2 Ra5 25. Rd1 f5 26. Rd4 e5 27. Rxa4
Rxa4 28. Bxa4 Qd6 29. Qb5 Kg7 30. Bb3 f4 31. gxf4 exf4 32. Qd5 Qg6+ 33. Ka2 Bf5
34. Qe5+ Kh7 35. Qxf4 Bb1+ 36. Ka1 Bf5 37. Qg3 Qa6 38. Qg2 Bg6 39. Bd5 Qd3 40.
Qh1 Qf5 41. Bxb7 h5 42. c4 Qc5 43. Qf3 Qxc4 44. Bd5 Qf1+ 45. Ka2 Qb1+ 46. Kb3
Qc2+ 47. Ka2 Qb1+ 48. Kb3 Qc2+ 49. Ka2 Qb1+ 50. Kb3 {Game drawn by repetition}
1/2-1/2

[Event "Team 45 45 League T60"]
[Site "Internet Chess Club"]
[Date "2014.03.13"]
[Round "3"]
[White "Heian"]
[Black "Nathan-L"]
[Result "1/2-1/2"]
[WhiteElo "1897"]
[BlackElo "1892"]
[Opening "French: advance, Milner-Barry gambit"]
[ECO "C00"]
[Time "18:01:22"]
[TimeControl "2700+45"]

1. e4 e6 2. Nf3 d5 3. e5 c5 4. c3 Nc6 5. d4 Qb6 6. Bd3 Bd7 7. dxc5 Bxc5 8. O-O
Qc7 9. b4 Bb6 10. Kh1 Nge7 11. a4 a6 12. a5 Ba7 13. Bf4 Ng6 14. Bg3 O-O 15. Re1
d4 16. Ra3 Rac8 17. Ng5 h6 18. Nxf7 Rxf7 19. Bxg6 Rff8 20. f4 Qd8 21. Bc2 dxc3
22. Qd3 Ne7 23. Bh4 Kf7 24. Bxe7 Kxe7 25. Qd6+ Kf7 26. Qd3 Ke7 27. Qd6+ Kf7 28.
Qd3 Ke7 {Game drawn by repetition} 1/2-1/2

[Event "Team 45 45 League T60"]
[Site "Internet Chess Club"]
[Date "2014.03.22"]
[Round "3"]
[White "Achelous"]
[Black "edelgado"]
[Result "1-0"]
[WhiteElo "1745"]
[BlackElo "1631"]
[Opening "Caro-Kann: classical variation"]
[ECO "B18"]
[Time "21:07:19"]
[TimeControl "2700+45"]

1. e4 c6 2. d4 d5 3. Nc3 dxe4 4. Nxe4 Bf5 5. Ng3 Bg6 6. Nf3 Nd7 7. Bc4 Ngf6 8.
Qe2 Qc7 9. O-O e6 10. Ne5 O-O-O 11. Bf4 Bd6 12. Rac1 Bxe5 13. dxe5 Nd5 14. Bxd5
cxd5 15. Rfd1 f6 16. exf6 Qxf4 17. fxg7 Rhg8 18. Qxe6 Rxg7 19. Ne2 Qf7 20. Qd6
Nb6 21. Qc5+ Kb8 22. c4 Bh5 23. Qe3 Nxc4 24. Rxc4 Qg6 25. Nf4 Qg5 {Black
resigns} 1-0

[Event "Team 45 45 League T60"]
[Site "Internet Chess Club"]
[Date "2014.03.16"]
[Round "3"]
[White "SirIvanhoe"]
[Black "mongmong"]
[Result "0-1"]
[WhiteElo "1598"]
[BlackElo "1669"]
[Opening "French: King's Indian attack"]
[ECO "C00"]
[Time "13:01:59"]
[TimeControl "2700+45"]

1. e4 e6 2. d3 d5 3. Nd2 Nf6 4. Ngf3 c5 5. g3 g6 6. Bg2 Bg7 7. O-O O-O 8. Re1
Nc6 9. c3 a5 10. e5 Ng4 11. d4 cxd4 12. cxd4 f6 13. h3 Nxf2 14. Kxf2 fxe5 15.
Kg1 exd4 16. Nb3 e5 17. Bg5 Qb6 18. Bc1 d3+ 19. Kh1 e4 20. Ng1 Nb4 21. Rf1 Bd7
22. a3 Nc2 23. Rb1 Qxb3 24. Bd2 Ba4 25. Rxf8+ Rxf8 26. Bxa5 Ne3 27. Qxb3 Bxb3
28. Bc3 Nxg2 29. Bxg7 Kxg7 30. Kxg2 d2 {White resigns} 0-1

[Event "Team 45 45 League T60"]
[Site "Internet Chess Club"]
[Date "2014.03.16"]
[Round "3"]
[White "Visin"]
[Black "houseofcook"]
[Result "1/2-1/2"]
[WhiteElo "1324"]
[BlackElo "1484"]
[Opening "French: exchange variation"]
[ECO "C01"]
[Time "14:00:28"]
[TimeControl "2700+45"]

1. e4 e6 2. d4 d5 3. exd5 exd5 4. Nf3 Bd6 5. c4 Ne7 6. Nc3 c6 7. h3 Bf5 8. Bd3
dxc4 9. Bxc4 O-O 10. O-O Nd7 11. a3 Nb6 12. Ba2 Ng6 13. Bb1 Bxb1 14. Rxb1 Re8
15. Re1 Qc7 16. Be3 Re7 17. Qd3 Rae8 18. Bd2 h6 19. Rxe7 Rxe7 20. Re1 Nf4 21.
Bxf4 Bxf4 22. Rxe7 Qxe7 23. b4 Bd6 24. Ne4 Bb8 25. Nc5 Nd5 {Game drawn by mutual
agreement} 1/2-1/2

[Event "Team 45 45 League T60"]
[Site "Internet Chess Club"]
[Date "2014.03.15"]
[Round "3"]
[White "Gilguli"]
[Black "pcvan"]
[Result "0-1"]
[WhiteElo "1378"]
[BlackElo "1427"]
[Opening "Vienna gambit"]
[ECO "C29"]
[Time "11:17:19"]
[TimeControl "2700+45"]

1. e4 e5 2. Nc3 Nf6 3. f4 d5 4. fxe5 Nxe4 5. Nf3 Nc6 6. Bb5 Be7 7. O-O O-O 8. d3
Nxc3 9. bxc3 Bg4 10. d4 Qd7 11. Bf4 a6 12. Bd3 f6 13. Qe1 fxe5 14. Nxe5 Nxe5 15.
Bxe5 Bd6 16. Qg3 Bxe5 17. dxe5 Bf5 18. Rae1 Rae8 19. Rxf5 Rxf5 20. Bxf5 Qxf5 21.
Qf3 Rxe5 22. Qxf5 Rxf5 23. Re7 Rf7 24. Re5 c6 25. Re8+ Rf8 26. Re7 Rb8 27. Kf2
Kf8 28. Rd7 a5 29. Ke3 Re8+ 30. Kd3 Re7 31. Rd8+ Re8 32. Rd7 Re7 33. Rd8+ Kf7
34. Ra8 Ke6 35. Rxa5 Kd6 36. Ra4 g6 37. Rf4 b5 38. Kd4 Re2 39. Rf6+ Kd7 40. Kc5
Rxc2 41. Rf7+ Ke6 42. Rxh7 Rxc3+ 43. Kb6 d4 44. Rh4 d3 45. Re4+ Kd5 46. Re1 d2
47. Rd1 Rc2 48. Ka5 {White resigns} 0-1

[Event "Team 45 45 League T60"]
[Site "Internet Chess Club"]
[Date "2014.03.16"]
[Round "3"]
[White "WzeroMN"]
[Black "semperfi"]
[Result "0-1"]
[WhiteElo "1122"]
[BlackElo "1367"]
[Opening "French: advance, Paulsen attack"]
[ECO "C02"]
[Time "15:01:54"]
[TimeControl "2700+45"]

1. e4 e6 2. d4 d5 3. e5 c5 4. c3 Nc6 5. Nf3 Qb6 6. Qb3 Qxb3 7. axb3 cxd4 8. Bb5
dxc3 9. bxc3 Bd7 10. Bxc6 Bxc6 11. Nd4 f6 12. Nxe6 Kd7 13. Nd4 fxe5 14. Nxc6
Kxc6 15. O-O Nf6 16. Ba3 Bxa3 17. Rxa3 Rhe8 18. Rc1 a6 19. Ra2 Kd6 20. Rd2 Rac8
21. c4 b6 22. Nc3 d4 23. Ne2 Ne4 24. Rdd1 Ke6 25. f3 Nd6 26. Ng3 g6 27. Ne4 Nxe4
28. fxe4 Rf8 29. Rf1 Ke7 30. Rxf8 Kxf8 31. Kf2 Ke7 32. Ke2 Kd6 33. Kd3 Rf8 34.
Ra1 a5 35. Ra2 Rf1 36. Rb2 Kc5 37. Ke2 Rc1 38. Kd2 Rc3 39. Rb1 Kb4 40. Rc1 Rxc1
41. Kxc1 Kxb3 42. Kb1 a4 43. g3 a3 44. h4 d3 {White resigns} 0-1

[Event "Team 45 45 League T60"]
[Site "Internet Chess Club"]
[Date "2014.03.15"]
[Round "3"]
[White "losscause"]
[Black "QuieroAprender"]
[Result "0-1"]
[WhiteElo "1577"]
[BlackElo "1715"]
[Opening "Dutch"]
[ECO "A80"]
[Time "22:21:48"]
[TimeControl "2700+45"]

1. d4 f5 2. Nc3 Nf6 3. Bg5 e6 4. Bxf6 Qxf6 5. e4 Bb4 6. e5 Qf7 7. Qd3 a6 8. a3
Be7 9. f4 d5 10. Nf3 h6 11. O-O-O c5 12. dxc5 Bxc5 13. Na4 Ba7 14. c4 Qc7 15.
Kb1 Bd7 16. Nc3 b5 17. cxd5 Qb6 18. Nd4 b4 19. dxe6 bxc3 20. exd7+ Nxd7 21. Qxc3
Nc5 22. Nxf5 O-O 23. Rd6 Qb7 24. Bc4+ Kh8 25. Qc2 Rab8 26. Rhd1 Rxf5 27. Rd8+
Rf8 28. Rxf8+ Rxf8 29. f5 Rb8 30. e6 Qe7 31. Ka2 a5 32. g4 a4 33. Rf1 Qg5 34.
Qe2 Nb3 35. e7 Re8 36. Bxb3 axb3+ 37. Kxb3 Rxe7 38. Qc4 Qe3+ 39. Ka2 Qe5 40.
Qc8+ Re8 41. Qd7 Bd4 42. f6 Rg8 43. f7 Rf8 44. h4 Bxb2 45. Qb7 Bxa3 46. Kxa3
Qc3+ 47. Ka4 Qc4+ 48. Ka5 Qxf1 49. g5 Qa1+ 50. Kb6 Qb1+ 51. Kc7 Rxf7+ 52. Kd8
Qxb7 53. gxh6 Qd7# {White checkmated} 0-1

[Event "Team 45 45 League T60"]
[Site "Internet Chess Club"]
[Date "2014.03.12"]
[Round "3"]
[White "drsigmund1"]
[Black "TwinsburgOHUSA"]
[Result "0-1"]
[WhiteElo "1538"]
[BlackElo "1539"]
[Opening "Queen's bishop game"]
[ECO "D02"]
[Time "22:00:34"]
[TimeControl "2700+45"]

1. d4 d5 2. Nf3 Nf6 3. Bf4 c5 4. c3 Qb6 5. Qb3 c4 6. Qc2 Bf5 7. Qc1 Nh5 8. Bxb8
Rxb8 9. Nh4 Bg6 10. Nd2 e6 11. Nxg6 hxg6 12. e4 Nf6 13. Be2 Be7 14. Qc2 Qc7 15.
g3 b5 16. a3 Nd7 17. exd5 exd5 18. O-O O-O 19. h4 Nf6 20. Kg2 Nh5 21. Qd1 Nf4+
22. gxf4 Qxf4 23. Nf3 Bxh4 24. Nxh4 Qxh4 25. Rh1 Qg5+ 26. Kf1 f5 27. Qc1 Qf6 28.
Qf4 Rfe8 29. Bf3 Rbd8 30. Kg2 g5 31. Qd2 g4 32. Bd1 Kf7 33. Bc2 Rh8 34. Qf4 g6
35. Qc7+ Qe7 36. Qxe7+ Kxe7 37. Rae1+ Kf6 38. Rxh8 Rxh8 39. Re5 Rd8 40. a4 a6
41. axb5 axb5 42. b3 Rd6 43. bxc4 bxc4 44. Kg3 Kg5 45. Bd1 Kf6 46. Be2 Rd8 47.
Bf1 Ra8 48. Rxd5 Ra3 49. Bxc4 Rxc3+ 50. Bd3 Rxd3+ 51. Kf4 g5# {White checkmated}
0-1

[Event "Team 45 45 League T60"]
[Site "Internet Chess Club"]
[Date "2014.03.15"]
[Round "3"]
[White "g8wrb"]
[Black "Leon13"]
[Result "1-0"]
[WhiteElo "1322"]
[BlackElo "1327"]
[Opening "French: Tarrasch, closed variation"]
[ECO "C05"]
[Time "12:04:20"]
[TimeControl "2700+45"]

1. e4 e6 2. d4 d5 3. Nd2 Nf6 4. e5 Nfd7 5. f4 c5 6. c3 Nc6 7. Ndf3 a6 8. Bd3 Be7
9. Ne2 Qb6 10. Bc2 O-O 11. O-O f6 12. Qd3 f5 13. Kh1 Rf7 14. Rb1 c4 15. Qd1 Qd8
16. Neg1 b5 17. Nh3 g6 18. Qe1 b4 19. Nfg5 Rg7 20. Nxe6 Qe8 21. Nxg7 Kxg7 22.
Qg3 h6 23. Bxf5 Bh4 24. Qxh4 gxf5 25. Rf3 Qe6 26. Rg3+ Kh8 27. Qh5 Nf6 28. Qxh6+
Nh7 29. Qg7# {Black checkmated} 1-0

[Event "Team 45 45 League T60"]
[Site "Internet Chess Club"]
[Date "2014.03.15"]
[Round "3"]
[White "Kandor"]
[Black "medsurg"]
[Result "1/2-1/2"]
[WhiteElo "1258"]
[BlackElo "1329"]
[Opening "Two knights defense"]
[ECO "C59"]
[Time "14:30:16"]
[TimeControl "2700+45"]

1. e4 e5 2. Nf3 Nc6 3. Bc4 Nf6 4. Ng5 d5 5. exd5 Na5 6. Bb5+ c6 7. dxc6 bxc6 8.
Be2 h6 9. Nf3 e4 10. Ne5 Bd6 11. f4 exf3 12. Nxf3 O-O 13. O-O Re8 14. d4 Qc7 15.
h3 Bg3 16. c4 Bf5 17. b4 Nb7 18. Bd3 Ne4 19. Ne5 Bxe5 20. dxe5 Qxe5 21. Qc2 Qd4+
22. Kh2 Qe5+ 23. Kg1 Qd4+ 24. Kh2 Qe5+ 25. Kg1 Qd4+ 26. Kh2 {Game drawn by
repetition} 1/2-1/2

[Event "Team 45 45 League T60"]
[Site "Internet Chess Club"]
[Date "2014.03.13"]
[Round "3"]
[White "tamtu"]
[Black "BrerRabbit"]
[Result "1-0"]
[WhiteElo "1840"]
[BlackElo "1512"]
[Opening "Old Indian: Tartakower (Wade) variation"]
[ECO "A41"]
[Time "19:02:11"]
[TimeControl "2700+45"]

1. d4 d6 2. Nf3 Bg4 3. c4 Bxf3 4. exf3 c6 5. Nc3 g6 6. Be3 Bg7 7. Be2 Nf6 8. O-O
d5 9. Qb3 b6 10. cxd5 cxd5 11. Bb5+ Kf8 12. Bf4 a6 13. Bd3 Nc6 14. Ne2 Nh5 15.
Be3 e6 16. Rac1 Na5 17. Qb4+ Kg8 18. Rc2 Bf8 19. Qd2 b5 20. b3 Nb7 21. Rfc1 Ba3
22. Re1 Be7 23. Bh6 f6 24. g4 Ng7 25. Bxg7 Kxg7 26. Nf4 Kf7 27. Nxe6 Qb6 28. Qe3
Qd6 29. Rc7 Na5 30. Nd8+ Rhxd8 31. Rxe7+ Kf8 32. Qh6+ Kg8 33. Qg7# {Black
checkmated} 1-0

[Event "Team 45 45 League T60"]
[Site "Internet Chess Club"]
[Date "2014.03.16"]
[Round "3"]
[White "Invicta-Knight"]
[Black "dabodhi"]
[Result "1-0"]
[WhiteElo "1450"]
[BlackElo "1405"]
[Opening "French: advance, Euwe variation"]
[ECO "C02"]
[Time "17:00:31"]
[TimeControl "2700+45"]

1. e4 e6 2. d4 d5 3. e5 c5 4. c3 Nc6 5. Nf3 Bd7 6. Bd3 cxd4 7. cxd4 Qb6 8. Qe2
Nxd4 9. Nxd4 Qxd4 10. O-O f6 11. Qh5+ g6 12. Bxg6+ hxg6 13. Qxh8 Ne7 14. Bh6
O-O-O 15. Bxf8 Qxb2 16. Nc3 Kb8 17. Qxf6 Nc6 18. Bd6+ Ka8 19. Na4 Qc2 20. Nc5
Bc8 21. Rfc1 Qd2 22. Nxe6 Bxe6 23. Qxe6 a6 24. Qf6 Rc8 25. e6 Ka7 26. Bc5+ Kb8
27. e7 b6 28. e8=Q Rxe8 29. Qd6+ Kc8 30. Qxc6+ Kd8 31. Bxb6+ Ke7 32. Re1+ Kf7
33. Qxe8+ Kg7 34. Re7+ Kh6 35. Be3+ {Black resigns} 1-0

[Event "Team 45 45 League T60"]
[Site "Internet Chess Club"]
[Date "2014.03.14"]
[Round "3"]
[White "KidRattler"]
[Black "rkaebi"]
[Result "1-0"]
[WhiteElo "1516"]
[BlackElo "1383"]
[Opening "English: Carls' Bremen system"]
[ECO "A22"]
[Time "14:15:08"]
[TimeControl "2700+45"]

1. c4 e5 2. Nc3 Nf6 3. g3 Nc6 4. Bg2 Bc5 5. e3 O-O 6. Nge2 d6 7. d4 exd4 8. exd4
Bb6 9. Be3 a6 10. O-O Bf5 11. Nd5 Nxd5 12. Bxd5 Rb8 13. Bxc6 bxc6 14. a3 Qf6 15.
b4 Rfe8 16. c5 dxc5 17. bxc5 Ba5 18. Qa4 Bh3 19. Rfb1 Bc3 20. Rxb8 Rxb8 21. Rc1
Rb2 22. Qxa6 h6 23. Qd3 g5 24. f4 Ba5 25. Rb1 Bf5 26. Qxf5 Qxf5 27. Rxb2 gxf4
28. Bxf4 h5 29. Kf2 Qh3 30. Rb8+ Kg7 31. Be5+ Kg6 32. Nf4+ {Black resigns} 1-0

[Event "Team 45 45 League T60"]
[Site "Internet Chess Club"]
[Date "2014.03.15"]
[Round "3"]
[White "otib2014"]
[Black "PsyMar"]
[Result "1-0"]
[WhiteElo "1368"]
[BlackElo "1325"]
[Opening "King's Indian: East Indian defense"]
[ECO "A48"]
[Time "09:00:30"]
[TimeControl "2700+45"]

1. d4 Nf6 2. Nf3 g6 3. e3 Bg7 4. Bd3 O-O 5. O-O d6 6. Nbd2 c5 7. c3 Nc6 8. a3
cxd4 9. exd4 e5 10. b4 a6 11. Rb1 Nd5 12. Bb2 Be6 13. c4 Nc7 14. d5 Nxd5 15.
cxd5 Bxd5 16. Be4 Be6 17. Bxc6 bxc6 18. Ne4 Bf5 19. Bxe5 dxe5 20. Qxd8 Rfxd8 21.
Rfe1 Rd5 22. Rbc1 Rad8 23. h3 Bxe4 24. Rxe4 Rd1+ 25. Re1 Rxe1+ 26. Rxe1 f6 27.
Rc1 Rc8 28. a4 Bf8 29. b5 axb5 30. axb5 c5 31. Nd2 Rb8 32. Rb1 Be7 33. Nc4 Kf7
34. b6 Rb7 35. Na5 Rb8 36. b7 Bd6 37. Nc6 Ke6 38. Nxb8 Bxb8 39. Rb6+ Ke7 40. Rc6
Kd7 41. Rxc5 Bd6 42. Rd5 Kc7 43. b8=Q+ Kxb8 44. Rxd6 {Black resigns} 1-0

[Event "Team 45 45 League T60"]
[Site "Internet Chess Club"]
[Date "2014.03.17"]
[Round "3"]
[White "misuc56"]
[Black "Grenadier"]
[Result "1-0"]
[WhiteElo "1838"]
[BlackElo "1646"]
[Opening "Old Indian defense"]
[ECO "E61"]
[Time "20:01:00"]
[TimeControl "2700+45"]

1. d4 Nf6 2. c4 d6 3. Nc3 g6 4. Nf3 Bg7 5. e3 Bg4 6. Be2 O-O 7. h3 Bd7 8. O-O
Nc6 9. a3 e5 10. d5 Ne7 11. e4 c6 12. Nh2 cxd5 13. cxd5 Rc8 14. Bd2 a6 15. Rc1
Ne8 16. f3 f5 17. Bd3 Nf6 18. Bg5 Qb6+ 19. Kh1 Qxb2 20. Na4 Bxa4 21. Qxa4 Rxc1
22. Bxc1 Qb6 23. Bd2 fxe4 24. fxe4 Qd8 25. Rc1 Nd7 26. Nf3 Nc5 27. Qc2 Nxd3 28.
Qxd3 Qb8 29. Qc3 Rc8 30. Qb4 Rxc1+ 31. Bxc1 Qc7 32. Be3 Bf8 33. Ng5 Qc2 34. Ne6
Qd1+ 35. Kh2 Qd3 36. Bg5 h6 37. Bh4 g5 38. Bg3 Nc8 39. Qxb7 Qc4 40. Nxf8 Kxf8
41. Qh7 Ke8 42. Qxh6 Qxe4 43. Qxg5 Qxd5 44. Bh4 Qc4 45. Qd8+ Kf7 46. Qd7+ Kf8
47. Bg5 Kg8 48. Bh6 Qf7 49. Qxc8+ Kh7 50. Be3 d5 51. Qxa6 d4 52. Qd3+ Kg8 53.
Bd2 Qc7 54. Qg6+ Kh8 55. g3 Qb8 56. Bb4 Qc7 57. Bd6 Qa5 58. Qe8+ Kh7 59. Qe7+
Kg8 60. Qe6+ Kh7 61. Qf5+ Kg8 62. Qxe5 Qd2+ 63. Kg1 d3 64. Bb4 Qd1+ 65. Qe1 Qf3
66. h4 d2 67. Bxd2 {Black resigns} 1-0

[Event "Team 45 45 League T60"]
[Site "Internet Chess Club"]
[Date "2014.03.15"]
[Round "3"]
[White "bmw2002"]
[Black "Constrictor"]
[Result "1/2-1/2"]
[WhiteElo "1582"]
[BlackElo "1626"]
[Opening "English: Anglo-Dutch defense"]
[ECO "A10"]
[Time "12:14:22"]
[TimeControl "2700+45"]

1. c4 f5 2. Nc3 Nf6 3. g3 g6 4. Bg2 Bg7 5. e3 O-O 6. Nge2 d6 7. d4 e5 8. Qb3 Nc6
9. dxe5 Nxe5 10. c5+ Kh8 11. Nf4 dxc5 12. O-O c6 13. Rd1 Qc7 14. Qc2 Bd7 15. Rb1
Rad8 16. b3 Bc8 17. Bb2 Rxd1+ 18. Rxd1 Rd8 19. Rxd8+ Qxd8 20. Na4 Qd6 21. Nxc5
b6 22. Ncd3 Nxd3 23. Nxd3 Bd7 24. Be5 Qe6 25. Qc3 Ne8 26. Bxg7+ Nxg7 27. Nf4 Qd6
28. h4 Kg8 29. Qc4+ Kf8 30. Qa4 Qc7 31. Qd4 Kg8 32. a4 Be8 33. Qc4+ Bf7 34. Qc3
c5 35. b4 Qd6 36. bxc5 Qxc5 37. Qd2 Qe5 38. Qd8+ Qe8 39. Qd4 Ne6 40. Nxe6 Bxe6
41. a5 Qd7 42. Qxd7 Bxd7 43. axb6 axb6 44. Bd5+ Kg7 45. Kf1 Kf6 46. Ke2 Ke5 47.
Bg8 h6 48. Kd3 g5 49. hxg5 hxg5 50. Kc4 f4 51. exf4+ gxf4 52. Bd5 fxg3 53. fxg3
Be6 {Game drawn by mutual agreement} 1/2-1/2

[Event "Team 45 45 League T60"]
[Site "Internet Chess Club"]
[Date "2014.03.16"]
[Round "3"]
[White "WOLFSPELZ"]
[Black "GoIrish"]
[Result "1-0"]
[WhiteElo "1924"]
[BlackElo "1559"]
[Opening "King's Indian: London system"]
[ECO "A48"]
[Time "14:08:36"]
[TimeControl "2700+45"]

1. d4 Nf6 2. Nf3 g6 3. Bf4 Bg7 4. e3 O-O 5. h3 d6 6. c4 c5 7. Nc3 cxd4 8. exd4
d5 9. Be2 Nc6 10. O-O a6 11. c5 Bf5 12. Qb3 Bc8 13. Bd3 Nh5 14. Be3 e6 15. Be2
Qc7 16. Na4 Nf4 17. Bd1 Nh5 18. Nb6 Rb8 19. Qc3 Nf6 20. Qc1 Nd7 21. Bf4 e5 22.
Nxd5 Qd8 23. Bg3 Ra8 24. Re1 Re8 25. Bb3 Nxd4 26. Nxd4 exd4 27. Rxe8+ Qxe8 28.
Nc7 Qe2 29. Nxa8 d3 30. Bc4 Qxb2 31. Bxf7+ Kxf7 32. Qc4+ Kf6 33. Qf4+ Ke7 34.
Qd6+ Kf7 35. Qd5+ Kf6 36. Qf3+ Ke6 37. Re1+ Ne5 38. Nc7+ Kd7 39. Qd5+ Kxc7 40.
Qd6# {Black checkmated} 1-0

[Event "Team 45 45 League T60"]
[Site "Internet Chess Club"]
[Date "2014.03.14"]
[Round "3"]
[White "BrerRabbit"]
[Black "supermessi"]
[Result "0-1"]
[WhiteElo "1498"]
[BlackElo "1570"]
[Opening "QGD Slav"]
[ECO "D11"]
[Time "19:02:45"]
[TimeControl "2700+45"]

1. d4 d5 2. Nf3 Nf6 3. e3 c6 4. c4 e6 5. Nbd2 Be7 6. b3 O-O 7. Bb2 b6 8. Bd3 Ba6
9. O-O Nbd7 10. Rc1 c5 11. Qe2 Qc7 12. Rfe1 Bd6 13. e4 dxe4 14. Nxe4 Nxe4 15.
Bxe4 Bb7 16. Bxb7 Qxb7 17. Rcd1 Nf6 18. Ne5 Rad8 19. h3 Be7 20. dxc5 Bxc5 21.
Nd3 Bd4 22. Bxd4 Rxd4 23. Ne5 Rfd8 24. Rxd4 Rxd4 25. Nf3 Rd6 26. Qc2 Qd7 27. Kf1
h6 28. b4 Kf8 29. c5 Qb5+ 30. Kg1 Qd3 31. Qxd3 Rxd3 32. Rc1 bxc5 33. bxc5 Ke7
34. Kf1 Ra3 35. Rc2 Nd5 36. Rb2 Kd8 37. Rb7 Nc7 38. Rb2 Ra5 39. Rc2 Na6 40. c6
Kc7 41. Ne5 Rxe5 {White resigns} 0-1

[Event "Team 45 45 League T60"]
[Site "Internet Chess Club"]
[Date "2014.03.17"]
[Round "3"]
[White "LittleButton"]
[Black "jonesey"]
[Result "1-0"]
[WhiteElo "1928"]
[BlackElo "1869"]
[Opening "Queen's pawn: Torre attack"]
[ECO "A46"]
[Time "04:02:21"]
[TimeControl "2700+45"]

1. d4 Nf6 2. Nf3 e6 3. Bg5 c5 4. e3 Qb6 5. Nbd2 Qxb2 6. Bd3 Nc6 7. O-O d5 8.
Bxf6 gxf6 9. c4 Nb4 10. Be2 Qc2 11. a3 Qxd1 12. Rfxd1 Nc6 13. cxd5 exd5 14. dxc5
Bxc5 15. Nb3 Be7 16. Rxd5 Be6 17. Rb5 a6 18. Rxb7 O-O-O 19. Bxa6 {Black resigns}
1-0

[Event "Team 45 45 League T60"]
[Site "Internet Chess Club"]
[Date "2014.03.15"]
[Round "3"]
[White "gcl"]
[Black "latayvia"]
[Result "0-1"]
[WhiteElo "1710"]
[BlackElo "1650"]
[Opening "Caro-Kann: classical variation"]
[ECO "B18"]
[Time "10:01:41"]
[TimeControl "2700+45"]

1. e4 c6 2. d4 d5 3. Nc3 dxe4 4. Nxe4 Bf5 5. Ng3 Bg6 6. Bc4 Nf6 7. N1e2 e6 8.
O-O Nbd7 9. Nf4 Nd5 10. Re1 Be7 11. Nxg6 hxg6 12. Qf3 N7f6 13. c3 Qc7 14. a4 Bd6
15. Bd2 O-O-O 16. a5 e5 17. a6 b6 18. dxe5 Bxe5 19. Bg5 Rde8 20. Bf1 Nh5 21. c4
Nb4 22. Qb3 c5 23. Bd2 Nc6 24. Qe3 Bd4 25. Qxe8+ Rxe8 26. Rxe8+ Kd7 27. Rae1
Nxg3 28. hxg3 Qxg3 29. Be3 Qd6 30. g3 Kxe8 31. Bf4+ Be5 32. Bg2 f6 33. b3 Kf8
34. Be3 Nd4 35. Rb1 Nxb3 36. Bf3 Nd2 37. Bxd2 Qxd2 38. Rd1 Qc3 39. Kg2 Bd4 40.
Bd5 Qc2 41. Rf1 Qa4 42. Rh1 Qxa6 43. Rh8+ Ke7 44. Rg8 f5 45. Rb8 Qa2 46. Rb7+
Kf6 47. Kh3 Qxf2 48. g4 Be5 49. Rf7+ Kg5 {White resigns} 0-1

[Event "Team 45 45 League T60"]
[Site "Internet Chess Club"]
[Date "2014.03.14"]
[Round "3"]
[White "rahulr"]
[Black "parrot9"]
[Result "0-1"]
[WhiteElo "1595"]
[BlackElo "1680"]
[Opening "QGD semi-Slav"]
[ECO "D43"]
[Time "17:01:03"]
[TimeControl "2700+45"]

1. d4 d5 2. c4 c6 3. Nf3 Nf6 4. Nc3 e6 5. Bg5 Be7 6. e3 Nbd7 7. Bd3 dxc4 8. Bxc4
b5 9. Bd3 Bb7 10. O-O O-O 11. Rc1 a6 12. Nd2 c5 13. Nf3 Rc8 14. b3 cxd4 15. Nxd4
Nc5 16. Be2 Nfe4 17. Bxe7 Qxe7 18. Bf3 Rfd8 19. Nxe4 Nxe4 20. Rxc8 Rxc8 21. Qd3
Nf6 22. Bxb7 Qxb7 23. Nf3 h6 24. Rd1 Qe4 25. Kf1 Rc2 26. a4 bxa4 27. Qxe4 Nxe4
28. bxa4 Rxf2+ 29. Kg1 Ra2 {White resigns} 0-1

[Event "Team 45 45 League T60"]
[Site "Internet Chess Club"]
[Date "2014.03.16"]
[Round "3"]
[White "rkaebi"]
[Black "rhayder"]
[Result "1-0"]
[WhiteElo "1398"]
[BlackElo "1351"]
[Opening "Scotch game"]
[ECO "C45"]
[Time "02:16:25"]
[TimeControl "2700+45"]

1. e4 e5 2. Nf3 Nc6 3. d4 exd4 4. Nxd4 Nge7 5. Bc4 Nxd4 6. Qxd4 Nc6 7. Qd5 Qe7
8. Bg5 Qe6 9. Qd3 Qg6 10. Qd5 Qe6 11. Nc3 Bb4 12. O-O Bxc3 13. bxc3 O-O 14. Qd3
Qg6 15. Bf4 d6 16. Rfe1 Qf6 17. Qg3 Be6 18. Bb3 Bxb3 19. cxb3 Rae8 20. b4 a6 21.
a4 Ne5 22. Bxe5 Rxe5 23. f4 Re7 24. e5 dxe5 25. fxe5 Qe6 26. Re3 Rfe8 27. a5 Qd5
28. Rae1 Kh8 29. Qf3 Qxf3 30. gxf3 Re6 31. Kf2 Rh6 32. Kg3 Ree6 33. Re4 Reg6+
34. Rg4 Rxg4+ 35. fxg4 Re6 36. Kf4 g6 37. Rd1 f6 38. exf6 Rxf6+ 39. Ke5 Rf2 40.
Rd8+ Kg7 41. Rd7+ Kh6 42. h4 Re2+ 43. Kf4 Rh2 44. g5+ Kh5 45. Rxh7# {Black
checkmated} 1-0

[Event "Team 45 45 League T60"]
[Site "Internet Chess Club"]
[Date "2014.03.13"]
[Round "3"]
[White "Pomberito"]
[Black "TerryMalloy"]
[Result "1-0"]
[WhiteElo "2158"]
[BlackElo "1894"]
[Opening "QGD: Lasker defense"]
[ECO "D56"]
[Time "12:06:36"]
[TimeControl "2700+45"]

1. d4 d5 2. c4 e6 3. Nf3 Nf6 4. Bg5 Be7 5. Nc3 O-O 6. e3 h6 7. Bh4 Ne4 8. Bxe7
Qxe7 9. Rc1 c6 10. Bd3 Nxc3 11. Rxc3 dxc4 12. Rxc4 Nd7 13. O-O e5 14. Bc2 exd4
15. Qd3 Nf6 16. e4 g6 17. Rxd4 c5 18. Rd6 Nxe4 19. Rd5 Nf6 20. Re5 Be6 21. Rfe1
Rad8 22. Qa3 Rd6 23. h3 Ra6 24. Qe3 Nd7 25. Re4 Kg7 26. Rh4 Rh8 27. Rf4 Re8 28.
Qc3+ Kg8 29. a3 Rd6 30. Ba4 Rd8 31. Qe3 Nb6 32. Qxc5 Nxa4 33. Rxa4 b6 34. Qc1
Qd7 35. Rh4 h5 36. Qh6 Rd1 37. Re4 Bf5 38. Rxd1 Qxd1+ 39. Re1 Qd6 40. Ng5 Qf6
41. Qh7+ Kf8 42. h4 Qg7 43. Qxg7+ Kxg7 44. Re7 Rd7 45. Rxd7 Bxd7 46. Ne4 Kf8 47.
f3 Ke7 48. Kf2 Bc6 49. Nc3 Ke6 50. Ke3 f6 51. Ne2 Kd6 52. Nf4 Be8 53. Kd4 Bf7
54. g4 Be8 55. gxh5 gxh5 56. Ne2 Bc6 57. Ke3 Ke5 58. Ng3 Be8 59. f4+ Kd5 60. Ne4
Ke6 61. Kd4 Bc6 62. Ng3 Bf3 63. f5+ Kd6 64. Ke3 Bd1 65. Kf4 Bg4 66. Ne4+ Ke7 67.
Nc3 Kd7 68. Nd5 {Black resigns} 1-0

[Event "Team 45 45 League T60"]
[Site "Internet Chess Club"]
[Date "2014.03.15"]
[Round "3"]
[White "LuxAeterna"]
[Black "fledermaus"]
[Result "1-0"]
[WhiteElo "2080"]
[BlackElo "1931"]
[Opening "Sicilian: Scheveningen variation"]
[ECO "B80"]
[Time "18:04:09"]
[TimeControl "2700+45"]

1. e4 c5 2. Nf3 e6 3. d4 cxd4 4. Nxd4 Nf6 5. Nc3 d6 6. Bd3 Nc6 7. Nb3 Be7 8. f4
e5 9. Nd5 Nxd5 10. exd5 Nb4 11. Bb5+ Bd7 12. Bxd7+ Qxd7 13. c3 Na6 14. O-O O-O
15. Be3 b6 16. Qe2 exf4 17. Bxf4 Nc5 18. Nd4 Rfe8 19. Qf3 Bf8 20. Rad1 a6 21.
Be3 g6 22. Rfe1 Bg7 23. Nc6 b5 24. Bxc5 dxc5 25. d6 Bf8 26. Ne5 Rxe5 27. Rxe5
Rd8 28. Red5 c4 29. Qf6 Qa7+ 30. Qd4 Qd7 31. Qb6 Bh6 32. Re5 Kg7 33. Re7 Qg4 34.
Rf1 Rf8 35. d7 Bf4 36. Qd4+ {Black resigns} 1-0